 Dungeon Crawl Stone Soup version 0.18-a0-1718-g40ea4b6 (webtiles) character file.

53 M4edhros the Grave Robber (level 3, -2/21 HPs)
             Began as an Octopode Wanderer on Apr 8, 2016.
             Was an Initiate of Cheibriados.
             Slain by a giant gecko (3 damage)
             ... on level 3 of the Dungeon.
             The game lasted 00:03:37 (1122 turns).

M4edhros the Grave Robber (Octopode Wanderer)       Turns: 1122, Time: 00:03:39

Health: -2/21      AC: -2    Str: 14    XL:     3   Next: 89%
Magic:  7/7        EV: 11    Int: 17    God:    Cheibriados [......]
Gold:   47         SH:  0    Dex:  9    Spells: 1 memorised, 7 levels left

rFire  . . .     SeeInvis .     i - +0 whip (venom)
rCold  . . .     Gourm    .     (no shield)
rNeg   . . .     Faith    .     (helmet restricted)
rPois  .         Spirit   .     (no amulet)
rElec  .         Dismiss  .     g - ring of sustain attributes
rCorr  .         Reflect  .     h - -3 ring of protection (curse)
SustAt +         Harm     .     (no ring)
MR     .....                    (no ring)
Stlth  +++.......               (no ring)
                                (no ring)
                                (no ring)
                                (no ring)

@: very slow, not resistant to hostile enchantments, fairly stealthy
A: almost no armour, amphibious, 8 rings, constrict 8, camouflage 1, gelatinous
body 1
a: Bend Time, Renounce Religion


You were on level 3 of the Dungeon.
You worshipped Cheibriados.
Cheibriados was noncommittal.
You were not hungry.

You visited 1 branch of the dungeon, and saw 4 of its levels.

You collected 47 gold pieces.

Inventory:

Hand Weapons
 c - a +0 spear
 i - a +0 whip of venom (weapon)
Jewellery
 g - a ring of sustain attributes (left tentacle)
 h - a cursed -3 ring of protection (right tentacle)
Wands
 d - a wand of polymorph (18/24)
Scrolls
 e - a scroll of teleportation
 j - a scroll of identify {unknown}
 k - a scroll of noise {unknown}
 m - a scroll of remove curse {unknown}
Books
 a - a book of Necromancy

   Spells                             Type                      Level
   a - Pain                           Necromancy                   1
   b - Animate Skeleton               Necromancy                   1
   c - Vampiric Draining              Necromancy                   3
   d - Regeneration                   Charms/Necromancy            3
   e - Animate Dead                   Necromancy                   4
   f - Control Undead                 Necromancy                   4
 b - the Grimoire of Lightness

   Spells                             Type                      Level
   a - Shock                          Conjuration/Air              1
   b - Static Discharge               Conjuration/Air              3
Comestibles
 f - 3 bread rations
 l - 3 chunks of flesh


   Skills:
 - Level 1.3 Stealth
 - Level 3.0 Spellcasting
   Level 3.0 Charms
 * Level 3.6 Necromancy
   Level 1.0 Air Magic
 - Level 1.1 Evocations


You had 7 spell levels left.
You knew the following spells:

 Your Spells              Type           Power        Failure   Level  Hunger
a - Pain                  Necr           ##..         4%          1    None


Dungeon Overview and Level Annotations

Branches:
Dungeon (4/15)
 Temple: D:4-7

Altars:
Cheibriados
Qazlal
Trog
The Shining One

Annotations:
D:2 Terence


Innate Abilities, Weirdness & Mutations

You cannot wear most types of armour.
You are amphibious.
You can wear up to eight rings at the same time.
You can use your tentacles to constrict eight enemies at once.
Your skin changes colour to match your surroundings (Stealth).
Your rubbery body absorbs attacks (AC +1).


Message History

You climb upwards.
The giant gecko bites you. The giant cockroach bites you.
* * * LOW HITPOINT WARNING * * *
The giant gecko barely misses you.
There is a stone staircase leading down, spattered with blood here.
You closely miss the giant gecko. Your grab misses the giant gecko.
The giant cockroach bites you.
* * * LOW HITPOINT WARNING * * *
The giant gecko bites you.
* * * LOW HITPOINT WARNING * * *
The giant cockroach barely misses you.
Unknown command.
Unknown command.
You aren't carrying any potions.
Read which item? (? for menu, Esc to quit)
Okay, then.
Evoke which item? (* to show all) (? for menu, Esc to quit)
Okay, then.
You aren't carrying any potions.
You fail to use your ability.
The giant gecko bites you.
You die...

#......... #......[#
#.......# #.......# .
#.......# .# .#
#.......#######.##.##
#.......#............
#....ls............##.
#....@...#............
#......†............##
#####.................
#.#...............
#.#...............
#.................
#.......##........
#.......####......
#.......# #(.....


You could see a giant gecko and a giant cockroach.

Vanquished Creatures
  A gnoll (D:1)
  An adder (D:2)
  An ooze (D:1)
  2 worms
  A dart slug (D:4)
  2 giant geckos
  A giant cockroach (D:2)
  4 hobgoblins
  5 bats
  2 kobolds
  2 rats (D:3)
22 creatures vanquished.

Notes
Turn   | Place    | Note
--------------------------------------------------------------
     0 | D:1      | M4edhros the Octopode Wanderer began the quest for the Orb.
     0 | D:1      | M4edhros set off with: a book of Necromancy, the Grimoire of Lightness, a potion of lignification, a +0 club, a bread ration
     0 | D:1      | Reached XP level 1. HP: 11/11 MP: 4/4
     0 | D:1      | Identified the Grimoire of Lightness
     2 | D:1      | Learned a level 1 spell: Pain
    68 | D:1      | Reached XP level 2. HP: 6/17 MP: 1/6
   564 | D:1      | Reached XP level 3. HP: 10/21 MP: 7/7
   831 | D:2      | Noticed Terence
   906 | D:3      | Found a glowing golden altar of the Shining One.
   906 | D:3      | Found a stormy altar of Qazlal.
   910 | D:3      | Found a bloodstained altar of Trog.
  1059 | D:4      | Found a snail-covered altar of Cheibriados.
  1105 | D:4      | Became a worshipper of Cheibriados the Contemplative
  1121 | D:3      | HP: 1/21 [giant gecko (3)]
  1122 | D:3      | Slain by a giant gecko

Vault maps used:
D:1:      lemuel_arrival_broad_hall, kennysheep_small_spiral, st_stairs_7,
          minivault_4, kennysheep_boxes
D:2:      first_bread, uniq_terence
D:3:      gammafunk_temple_overflow_forgotten, serial_park_tiny_2
D:4:      cheibriados_altar_1, minmay_temple_entry_butterflies,
          nicolae_dithmenos_through_a_glass_darkly

Skill      XL: |  1  2  3 |
---------------+----------+-----
Necromancy     | 2 3 |  3.6
Stealth        | |  1.3
Spellcasting   | |  3.0
Charms         | |  3.0
Air Magic      | |  1.0
Evocations     | |  1.1

Action                   || total
-------------------------++-------
Melee: Club              ||     8
       Spear             ||    21
       Whip              ||    13
 Cast: Pain              ||    19
  Use: Scroll            ||     1
       Potion            ||     1
 Stab: Sleeping          ||     2
  Eat: Chunk             ||     1
